 Dungeon Crawl Stone Soup version 0.19-a0-905-ge5e6a15 (webtiles) character file.

945 Lessnames the Carver (level 7, -2/87 HPs)
             Began as a Demigod Fighter on July 5, 2016.
             Slain by a mummy (7 damage)
             ... in an ossuary.
             The game lasted 00:07:41 (3930 turns).

Lessnames the Carver (Demigod Fighter)              Turns: 3930, Time: 00:07:42

Health: -2/87      AC: 23    Str: 21    XL:     7   Next: 58%
Magic:  9/9        EV:  2    Int: 12    God:
Gold:   180        SH:  9    Dex: 17    Spells: 0 memorised, 6 levels left

rFire  + . .     SeeInvis .     a - +0 long sword
rCold  . . .     Gourm    .     (armour currently unavailable)
rNeg   + + +     Faith    .     c - +0 shield
rPois  +         Spirit   .     (helmet currently unavailable)
rElec  .         Dismiss  .     (cloak currently unavailable)
rCorr  .         Reflect  .     (gloves currently unavailable)
SustAt +         Harm     .     (boots currently unavailable)
MR     .....     NoTele   +     (no amulet)
Stlth  ++........               (no ring)
                                p - ring of protection from fire

@: tree-form, not resistant to hostile enchantments, unstealthy
A: high mp 1, sustain attributes
a: no special abilities


You were in an ossuary.
You were hungry.
You were a tree.
You visited 1 branch of the dungeon, and saw 4 of its levels.
You also visited: Ossuary.

You collected 180 gold pieces.

Inventory:

Hand Weapons
 a - a +0 long sword (weapon)
Armour
 c - a +0 shield (worn)
 d - a +0 plate armour (melded)
Jewellery
 p - a ring of protection from fire (left branch)
 q - an uncursed ring of ice
Wands
 o - a wand of flame (25/48)
Scrolls
 e - a scroll of remove curse {unknown}
 g - 3 scrolls of noise {unknown}
 j - a scroll of immolation {unknown}
 k - a scroll of teleportation {unknown}
 v - a scroll of fog {unknown}
Potions
 b - a potion of curing {unknown}
 h - a potion of beneficial mutation {unknown}
 i - a potion of lignification
 m - a potion of degeneration
 n - a potion of flight
 r - a potion of magic
 s - a potion of brilliance
Comestibles
 f - 3 bread rations
 t - a meat ration


   Skills:
 + Level 3.8 Fighting
 + Level 8.0 Long Blades
 - Level 2.6 Armour
 - Level 2.6 Shields


You had 6 spell levels left.
You didn't know any spells.

Dungeon Overview and Level Annotations

Branches:
Dungeon (4/15)             Temple (0/1) D:4

Annotations:
D:3 1 runed door


Innate Abilities, Weirdness & Mutations

You have an increased reservoir of magic. (+10% MP)
Your attributes are resistant to harm.


Message History

The mummy is heavily damaged.
The mummy hits you. The mummy hits you!
* * * LOW HITPOINT WARNING * * *
Your plate armour prevents you from hitting the mummy.
The mummy is heavily damaged.
The mummy hits you!
* * * LOW HITPOINT WARNING * * *
The mummy hits you.
* * * LOW HITPOINT WARNING * * *
You turn into a tree.
Your +0 plate armour melds into your body.
Your roots penetrate the ground.
Okay, then.
Your shield prevents you from hitting the mummy.
The mummy is heavily damaged.
You block the mummy's attack. x2
You barely miss the mummy.
The mummy is heavily damaged.
You block the mummy's attack. The mummy hits you!
You die...

#....#
#....#
#....#
#....#
#....#
#....#
#....#
#..MM#
#.∩∩♣#
######


You could see 2 mummies.

Vanquished Creatures
  Sigmund (D:3)
  The ghost of Shenda the Ruffian, an amateur TrMo (D:4)
  A sky beast (D:3)
  2 hounds (D:4)
  3 orc wizards
  Ijyb (D:2)
  An iguana (D:4)
  5 worker ants (D:4)
  Natasha (thrice) (D:2)
  2 mummies (Ossuary)
  6 gnolls (D:4)
  5 adders
  2 oozes
  An adder skeleton (D:4)
  A worm (D:2)
  2 dart slugs (D:2)
  6 orcs
  2 ball pythons (D:2)
  6 bats
  2 giant cockroaches
  7 goblins
  3 hobgoblins
  3 jackals (D:2)
  A quokka (D:3)
  2 giant newts
  A gnoll zombie (Ossuary)
  2 hobgoblin zombies (Ossuary)
  9 kobolds
  4 orc zombies (Ossuary)
  9 rats
  A plant (D:2)
95 creatures vanquished.

Notes
Turn   | Place    | Note
-------+----------+-------------------------------------------
     0 | D:1      | Lessnames the Demigod Fighter began the quest for the Orb.
     0 | D:1      | Reached XP level 1. HP: 18/18 MP: 3/3
   111 | D:1      | Reached skill level 2 in Long Blades
   146 | D:1      | Reached XP level 2. HP: 21/25 MP: 4/4
   470 | D:1      | Reached skill level 3 in Long Blades
  1155 | D:2      | Reached XP level 3. HP: 26/30 MP: 5/5
  1344 | D:2      | Noticed Natasha
  1351 | D:2      | Killed Natasha
  1384 | D:2      | Found a snail-covered altar of Cheibriados.
  1442 | D:2      | Reached skill level 4 in Long Blades
  1526 | D:2      | Reached XP level 4. HP: 24/37 MP: 6/6
  1571 | D:2      | Found a radiant altar of Vehumet.
  1572 | D:2      | Found an opulent altar of Gozag.
  1595 | D:2      | Noticed Ijyb
  1605 | D:2      | Killed Ijyb
  1625 | D:2      | Noticed Natasha
  1635 | D:2      | Killed Natasha
  1920 | D:2      | Noticed Natasha
  1928 | D:2      | Killed Natasha
  1928 | D:2      | Reached skill level 5 in Long Blades
  1928 | D:2      | Reached XP level 5. HP: 11/42 MP: 7/7
  2380 | D:2      | Found a hazy altar of Hepliaklqana.
  2739 | D:3      | Noticed Sigmund
  2756 | D:3      | Killed Sigmund
  2756 | D:3      | Reached skill level 6 in Long Blades
  2756 | D:3      | Reached XP level 6. HP: 30/50 MP: 8/8
  2849 | D:3      | Found a runed door.
  3044 | D:3      | Reached skill level 7 in Long Blades
  3168 | D:3      | You fall through a shaft!
  3252 | D:4      | Reached XP level 7. HP: 31/57 MP: 9/9
  3285 | D:4      | Noticed Shenda's ghost (amateur TrMo)
  3361 | D:4      | Killed Shenda's ghost
  3432 | D:4      | Found a staircase to the Ecumenical Temple.
  3572 | D:4      | Reached skill level 8 in Long Blades
  3640 | D:4      | Found a sand-covered staircase.
  3647 | Ossuary  | Entered an ossuary
  3930 | Ossuary  | Slain by a mummy

Vault maps used:
D:1:      kilobyte_arrival_exit_the_forest
D:2:      lemuel_upstairs_altar, cheibriados_altar_1,
          gammafunk_temple_overflow_forgotten, uniq_natasha, uniq_iyjb
D:3:      first_bread, serial_park_tiny_2, uniq_sigmund, uniq_crazy_yiuf_cottage
D:4:      kennysheep_big_flooded_room, enter_ossuary_4
Ossuary:  ossuary_tomb_3

Skill      XL: |  1  2  3  4  5  6  7 |
---------------+----------------------+-----
Long Blades    | 2 3 4 5 6 7 8 |  8.0
Fighting       | 3 |  3.8
Armour         | |  2.6
Shields        | |  2.6

Action                   |  1- 3 |  4- 6 |  7- 9 || total
-------------------------+-------+-------+-------++-------
Melee: Long sword        |   132 |   200 |   148 ||   480
Evoke: Wand              |       |     1 |       ||     1
  Use: Potion            |       |     1 |     4 ||     5
       Scroll            |       |       |     5 ||     5
  Eat: Chunk             |     2 |     5 |     3 ||    10
Armor: Scale mail        |    57 |    42 |       ||    99
       Plate armour      |       |    31 |    34 ||    65
       Skin              |       |       |    23 ||    23
Dodge: Dodged            |    33 |    41 |    14 ||    88
Block: Shield            |    49 |    74 |    64 ||   187
